MLB
SAN FRANCISCO GIANTS @ COLORADO ROCKIES
09/20/2041
 
TOP OF THE 1ST
San Francisco Giants batting - Pitching for Colorado Rockies : RHP Ed Dunlap
Pitching: RHP Ed Dunlap
Batting: LHB Paolo Pacheco 0-0: Called Strike
0-1: Ball
1-1: Ball
2-1: Foul Ball, location: 2F
2-2: Ball
3-2: Strikes out swinging
Batting: RHB Luis Hernández 0-0: Ball
1-0: Called Strike
1-1: Called Strike
1-2: Ball
2-2: Ground out 4-3 (Groundball, 4, EV 89.4 MPH)
Batting: RHB Pat Rice 0-0: Called Strike
0-1: Ball
1-1: Ball
2-1: Reached on error, E6 (Groundball, 6, EV 77.5 MPH)
Batting: LHB Jeremy Price 0-0: Ball
Pat Rice steals 2nd base
1-0: Fly out, F3 (Line Drive, 3, EV 67.5 MPH)
Top of the 1st over - 0 runs, 0 hits, 1 error, 1 left on base; San Francisco 0 - Colorado 0
BOTTOM OF THE 1ST
Colorado Rockies batting - Pitching for San Francisco Giants : LHP António Fernández
Pitching: LHP António Fernández
Batting: RHB Ron Long 0-0: Called Strike
0-1: Ball
1-1: Ball
2-1: Ground out 6-3 (Groundball, 6, EV 110.0 MPH)
Batting: RHB Kurt Carpenter 0-0: Ball
1-0: Ball
2-0: Called Strike
2-1: Foul Ball, location: 7LMF
2-2: Fly out, F8 (Flyball, 8LM, EV 96.3 MPH)
Batting: LHB Pancho Cervantez 0-0: Ball
1-0: Called Strike
1-1: SINGLE (Flyball, 56D, EV 95.0 MPH)
Batting: RHB Joe Thompson 0-0: Ball
1-0: Swinging Strike
1-1: Ground out U3 (Groundball, 3, EV 83.8 MPH)
Bottom of the 1st over - 0 runs, 1 hit, 0 errors, 1 left on base; San Francisco 0 - Colorado 0
TOP OF THE 2ND
San Francisco Giants batting - Pitching for Colorado Rockies : RHP Ed Dunlap
Batting: RHB Ron Account 0-0: Ball
1-0: Ball
2-0: Called Strike
2-1: Swinging Strike
2-2: Strikes out swinging
Batting: RHB Lou MacDonald 0-0: Ball
1-0: Fly out, F9 (Line Drive, 9LM, EV 87.5 MPH)
Batting: RHB José Solís 0-0: Ball
1-0: Called Strike
1-1: Foul Ball, location: 5FF
1-2: Ball
2-2: Foul Ball, location: 9LSF
2-2: Strikes out swinging
Top of the 2nd over - 0 runs, 0 hits, 0 errors, 0 left on base; San Francisco 0 - Colorado 0
BOTTOM OF THE 2ND
Colorado Rockies batting - Pitching for San Francisco Giants : LHP António Fernández
Batting: RHB Derek Hallyard 0-0: Foul Ball, location: 2F
0-1: Swinging Strike
0-2: Ball
1-2: Fly out, F9 (Flyball, 9, EV 80.6 MPH)
Batting: LHB Eric Merritt 0-0: Foul Ball, location: 25F
0-1: Ball
1-1: Fly out, F5 (Popup, 56, EV 73.1 MPH)
Batting: RHB Tim Burns 0-0: Ball
1-0: Ball
2-0: Ball
3-0: Called Strike
3-1: Base on Balls
Batting: LHB Juan Costa 0-0: Called Strike
0-1: Ball
1-1: Called Strike
1-2: Strikes out swinging
Bottom of the 2nd over - 0 runs, 0 hits, 0 errors, 1 left on base; San Francisco 0 - Colorado 0
TOP OF THE 3RD
San Francisco Giants batting - Pitching for Colorado Rockies : RHP Ed Dunlap
Batting: RHB Gavino Giardina 0-0: Ball
1-0: Foul Ball, location: 3SF
1-1: Ground out U3 (Groundball, 34, EV 86.3 MPH)
Batting: RHB Jesús Valentín 0-0: Ball
1-0: SINGLE (Line Drive, 78S, EV 86.9 MPH)
Batting: LHB Paolo Pacheco 0-0: Ball
1-0: Swinging Strike
1-1: Called Strike
1-2: Foul Ball, location: 5F
1-2: Strikes out swinging
Batting: RHB Luis Hernández 0-0: Ball
1-0: Foul Ball, location: 2F
1-1: Swinging Strike
1-2: Ball
2-2: Ball
3-2: Ground out 5-3 (Groundball, 56, EV 93.8 MPH)
Top of the 3rd over - 0 runs, 1 hit, 0 errors, 1 left on base; San Francisco 0 - Colorado 0
BOTTOM OF THE 3RD
Colorado Rockies batting - Pitching for San Francisco Giants : LHP António Fernández
Batting: LHB Andy Bean 0-0: Ball
1-0: Ground out 4-3 (Groundball, 4M, EV 91.3 MPH)
Batting: RHB Ron Long 0-0: Ball
1-0: Swinging Strike
1-1: Ball
2-1: Swinging Strike
2-2: Foul Ball, location: 3F
2-2: Foul Ball, location: 5SF
2-2: Ball
3-2: Foul Ball, location: 7LMFF
3-2: Foul Ball, location: 9LDF
3-2: Base on Balls
Batting: RHB Kurt Carpenter 0-0: Ball
1-0: Ball
2-0: SINGLE (Groundball, 56S, EV 73.8 MPH) (infield hit)
Ron Long to second
Batting: LHB Pancho Cervantez 0-0: Ball
1-0: Fly out, F8 (Flyball, 8LXD, EV 91.9 MPH)
Runner from 2nd tags up, SAFE at 3rd, no throw by CF
Batting: RHB Joe Thompson 0-0: Ball
1-0: Ball
2-0: Ball
3-0: Base on Balls
Kurt Carpenter to second
Batting: RHB Derek Hallyard 0-0: Fielders Choice at 3rd, U5 (Groundball, 5L, EV 106.3 MPH)
Bottom of the 3rd over - 0 runs, 1 hit, 0 errors, 2 left on base; San Francisco 0 - Colorado 0
TOP OF THE 4TH
San Francisco Giants batting - Pitching for Colorado Rockies : RHP Ed Dunlap
Batting: RHB Pat Rice 0-0: SINGLE (Groundball, 56, EV 103.8 MPH)
Batting: LHB Jeremy Price 0-0: Ball
1-0: Ball
2-0: Foul Ball, location: 2LF
2-1: Foul Ball, location: 9LMF
2-2: Fielders Choice at 2nd, 3-6 (Groundball, 3D, EV 96.9 MPH)
Batting: RHB Ron Account 0-0: Ball
Jeremy Price is caught stealing 2nd base 2-4
1-0: Ball
2-0: Called Strike
2-1: Ball
3-1: Reached on error, E6 (Groundball, 56, EV 83.1 MPH)
Batting: RHB Lou MacDonald 0-0: Foul Ball, location: 2F
0-1: SINGLE (Line Drive, 7LS, EV 102.5 MPH)
Ron Account to second
Batting: RHB José Solís 0-0: Ball
1-0: Called Strike
1-1: DOUBLE (Flyball, 78XD, EV 107.5 MPH)
Ron Account scores
Lou MacDonald to third
Batting: RHB Gavino Giardina 0-0: Ball
1-0: Swinging Strike
1-1: Fly out, F9 (Line Drive, 89M, EV 96.3 MPH)
Top of the 4th over - 1 run, 3 hits, 1 error, 2 left on base; San Francisco 1 - Colorado 0
BOTTOM OF THE 4TH
Colorado Rockies batting - Pitching for San Francisco Giants : LHP António Fernández
Batting: LHB Eric Merritt 0-0: Ball
1-0: Swinging Strike
1-1: Hit by Pitch
Batting: RHB Tim Burns 0-0: Sac Bunt to 15 - play at first, batter OUT! 1-3
Eric Merritt to second
Batting: LHB Juan Costa 0-0: Foul Ball, location: 23FF
0-1: Called Strike
0-2: Foul Ball, location: 7LDF
0-2: Ball
1-2: Foul Ball, location: 3F
1-2: Strikes out swinging
Batting: LHB Andy Bean 0-0: Ball
1-0: Ball
2-0: Called Strike
2-1: Called Strike
2-2: Strikes out swinging
Bottom of the 4th over - 0 runs, 0 hits, 0 errors, 1 left on base; San Francisco 1 - Colorado 0
TOP OF THE 5TH
San Francisco Giants batting - Pitching for Colorado Rockies : RHP Ed Dunlap
Batting: RHB Jesús Valentín 0-0: Swinging Strike
0-1: Called Strike
0-2: Ball
1-2: Strikes out swinging
Batting: LHB Paolo Pacheco 0-0: Called Strike
0-1: Ball
1-1: Fly out, F9 (Flyball, 9D, EV 76.3 MPH)
Batting: RHB Luis Hernández 0-0: Called Strike
0-1: Foul Ball, location: 5F
0-2: Ball
1-2: Foul Ball, location: 5F
1-2: Fly out, F7 (Flyball, 7, EV 95.6 MPH)
Top of the 5th over - 0 runs, 0 hits, 0 errors, 0 left on base; San Francisco 1 - Colorado 0
BOTTOM OF THE 5TH
Colorado Rockies batting - Pitching for San Francisco Giants : LHP António Fernández
Batting: RHB Ron Long 0-0: Called Strike
0-1: Ball
1-1: Called Strike
1-2: Ball
2-2: Ball
3-2: Fly out, F7 (Flyball, 78D, EV 98.1 MPH)
Batting: RHB Kurt Carpenter 0-0: Ball
1-0: Ball
2-0: Called Strike
2-1: Foul Ball, location: 2F
2-2: Ground out 4-3 (Groundball, 4M, EV 77.5 MPH)
Batting: LHB Pancho Cervantez 0-0: Ball
1-0: Ball
2-0: Ground out 4-3 (Groundball, 4, EV 90.0 MPH)
Bottom of the 5th over - 0 runs, 0 hits, 0 errors, 0 left on base; San Francisco 1 - Colorado 0
TOP OF THE 6TH
San Francisco Giants batting - Pitching for Colorado Rockies : RHP Ed Dunlap
Batting: RHB Pat Rice 0-0: Ground out 6-3 (Groundball, 6, EV 89.4 MPH)
Batting: LHB Jeremy Price 0-0: Fly out, F7 (Flyball, 7D, EV 105.0 MPH)
Batting: RHB Ron Account 0-0: Ball
1-0: Swinging Strike
1-1: Called Strike
1-2: Strikes out swinging
Top of the 6th over - 0 runs, 0 hits, 0 errors, 0 left on base; San Francisco 1 - Colorado 0
BOTTOM OF THE 6TH
Colorado Rockies batting - Pitching for San Francisco Giants : LHP António Fernández
Batting: RHB Joe Thompson 0-0: Ball
1-0: Ground out 6-3 (Groundball, 6, EV 95.0 MPH)
Batting: RHB Derek Hallyard 0-0: Called Strike
0-1: Swinging Strike
0-2: Strikes out swinging
Batting: LHB Eric Merritt 0-0: Ball
1-0: Ball
2-0: Fly out, F6 (Popup, 6MD, EV 53.1 MPH)
Bottom of the 6th over - 0 runs, 0 hits, 0 errors, 0 left on base; San Francisco 1 - Colorado 0
TOP OF THE 7TH
San Francisco Giants batting - Pitching for Colorado Rockies : RHP Ed Dunlap
Batting: RHB Lou MacDonald 0-0: Called Strike
0-1: Swinging Strike
0-2: Foul Ball, location: 9LDF
0-2: Ball
1-2: Ball
2-2: Strikes out swinging
Batting: RHB José Solís 0-0: Called Strike
0-1: Ball
1-1: Ball
2-1: Ball
3-1: SINGLE (Line Drive, 8LS, EV 86.3 MPH)
Batting: RHB Gavino Giardina 0-0: Ball
1-0: Ball
2-0: Called Strike
2-1: Ball
3-1: DOUBLE (Line Drive, 7LS, EV 91.9 MPH)
José Solís to third
Runner from 3rd tries for Home, SAFE, throw by LF to home
Batting: RHB Jesús Valentín 0-0: Ball
1-0: Ball
2-0: Called Strike
2-1: Foul Ball, location: 2F
2-2: Ground out 1-3 (Groundball, 13S, EV 70.6 MPH)
Gavino Giardina to third
Batting: LHB Paolo Pacheco 0-0: Intentional Walk
Batting: RHB Luis Hernández 0-0: Ball
1-0: Called Strike
1-1: Ball
2-1: Ball
3-1: Swinging Strike
3-2: Base on Balls
Paolo Pacheco to second
Pitching: RHP Butch Parrish
Batting: RHB Pat Rice 0-0: Foul Ball, location: 9LMF
0-1: Ball
1-1: DOUBLE (Line Drive, 7LS, EV 99.4 MPH)
Gavino Giardina scores
Paolo Pacheco scores
Luis Hernández to third
Runner from 3rd tries for Home, SAFE, throw by LF to home
Batting: LHB Jeremy Price 0-0: Ball
1-0: Foul Ball, location: 25FF
1-1: Foul Ball, location: 9LMF
1-2: SINGLE (Line Drive, 4MD, EV 100.0 MPH)
Pat Rice to third
Batting: RHB Ron Account 0-0: Called Strike
0-1: Ball
1-1: Foul Ball, location: 2F
1-2: Ground out U3 (Groundball, 3L, EV 80.6 MPH)
Top of the 7th over - 4 runs, 4 hits, 0 errors, 2 left on base; San Francisco 5 - Colorado 0
BOTTOM OF THE 7TH
Colorado Rockies batting - Pitching for San Francisco Giants : LHP António Fernández
Batting: RHB Tim Burns 0-0: Foul Ball, location: 2F
0-1: Called Strike
0-2: Ball
1-2: Foul Ball, location: 2F
1-2: Ball
2-2: Ball
3-2: Foul Ball, location: 7LSFF
3-2: Fly out, F7 (Flyball, 78S, EV 99.4 MPH)
Batting: LHB Juan Costa 0-0: DOUBLE (Line Drive, 78D, EV 98.1 MPH)
Batting: LHB Andy Bean 0-0: SINGLE (Line Drive, 4D, EV 98.1 MPH)
Juan Costa to third
Batting: RHB Ron Long 0-0: Ball
1-0: Foul Ball, location: 2F
1-1: Swinging Strike
1-2: Ball
2-2: Foul Ball, location: 5DF
2-2: Ball
3-2: Fly out, F8 (Flyball, 8RD, EV 86.9 MPH)
Runner from 3rd tags up, SCORES, throw by CF
Pitching: RHP Juan Barrera
Batting: RHB Kurt Carpenter 0-0: Ball
1-0: Hit by Pitch
Andy Bean to second
Batting: LHB Pancho Cervantez 0-0: Ball
1-0: Ball
2-0: Called Strike
2-1: Ground out 2-3 (Groundball, 2L, EV 70.0 MPH)
Bottom of the 7th over - 1 run, 2 hits, 0 errors, 2 left on base; San Francisco 5 - Colorado 1
TOP OF THE 8TH
San Francisco Giants batting - Pitching for Colorado Rockies : RHP Butch Parrish
Batting: RHB Lou MacDonald 0-0: Ball
1-0: Foul Ball, location: 5F
1-1: Ball
2-1: Ground out 4-3 (Groundball, 4, EV 80.6 MPH)
Batting: RHB José Solís 0-0: Called Strike
0-1: Ball
1-1: Foul Ball, location: 5FF
1-2: Ball
2-2: Strikes out swinging
Batting: RHB Gavino Giardina 0-0: Ball
1-0: Called Strike
1-1: Ball
2-1: SOLO HOME RUN (Flyball, 89XD, EV 98.8 MPH), Distance : 388 ft
Batting: RHB Jesús Valentín 0-0: Ball
1-0: Ball
2-0: Ground out 5-3 (Groundball, 5, EV 81.9 MPH)
Top of the 8th over - 1 run, 1 hit, 0 errors, 0 left on base; San Francisco 6 - Colorado 1
BOTTOM OF THE 8TH
Colorado Rockies batting - Pitching for San Francisco Giants : RHP Juan Barrera
Batting: RHB Joe Thompson 0-0: Called Strike
0-1: Foul Ball, location: 5DF
0-2: Ball
1-2: Foul Ball, location: 5FF
1-2: Strikes out looking
Batting: RHB Derek Hallyard 0-0: Ball
1-0: Foul Ball, location: 5F
1-1: Swinging Strike
1-2: Ball
2-2: Strikes out swinging
Batting: LHB Eric Merritt 0-0: Ground out 5-3 (Groundball, 5, EV 92.5 MPH)
Bottom of the 8th over - 0 runs, 0 hits, 0 errors, 0 left on base; San Francisco 6 - Colorado 1
TOP OF THE 9TH
San Francisco Giants batting - Pitching for Colorado Rockies : RHP Butch Parrish
Batting: LHB Paolo Pacheco 0-0: Swinging Strike
0-1: SOLO HOME RUN (Flyball, 9LD, EV 98.8 MPH), Distance : 365 ft
Batting: RHB Luis Hernández 0-0: Ball
1-0: Fly out, F9 (Flyball, 89S, EV 81.9 MPH)
Batting: RHB Pat Rice 0-0: Called Strike
0-1: Ground out 1-3 (Groundball, 15S, EV 68.1 MPH)
Batting: LHB Jeremy Price 0-0: Ground out 4-3 (Groundball, 4, EV 100.6 MPH)
Top of the 9th over - 1 run, 1 hit, 0 errors, 0 left on base; San Francisco 7 - Colorado 1
BOTTOM OF THE 9TH
Colorado Rockies batting - Pitching for San Francisco Giants : RHP Juan Barrera
Pitching: RHP José Batista
Batting: RHB Tim Burns 0-0: Foul Ball, location: 9LMF
0-1: Called Strike
0-2: SINGLE (Line Drive, 6D, EV 96.9 MPH)
Batting: LHB Juan Costa 0-0: Foul Ball, location: 2F
0-1: Ball
1-1: Ball
2-1: Ball
3-1: Called Strike
3-2: Strikes out looking
Batting: LHB Andy Bean 0-0: Called Strike
0-1: Foul Ball, location: 2F
0-2: Grounds into double play, 3-6-1 (Groundball, 3S, EV 81.9 MPH)
Bottom of the 9th over - 0 runs, 1 hit, 0 errors, 0 left on base; San Francisco 7 - Colorado 1
Sunday, March 24th , 2024 - OOTP Baseball 24.10 Build 82